Match 47125981
Unlisted

Match 47125981
End
Kradschützen Motorcycle Team
Selects Italian Combined Arms Battlegroup
Selects Bersaglieri Squad
Bersaglieri Squad
250 Light Carrier
Panzergrenadier Squad
Selects Bersaglieri Bolster
Bersaglieri Squad
Construct Light Support Kompanie
Selects Breda Model 30 Light Machine Guns
Assault Mechanized Group
2.5-tonne Medical Truck
Construct Mechanized Kompanie
8 Rad Armored Car
Assault Mechanized Group
Panzerjäger Squad
Selects Semovente da 75/18 Assault Gun
Selects Carro Armato M13/40 Light Tank
Selects Artillery Cover
8 Rad Armored Car
AI Takeover
aurri
mentoss
0
0

Comments sign in to comment!

No comments posted yet!